 Dungeon Crawl Stone Soup version 0.29-a0-270-g1586fc07ea (webtiles) character file.

Game seed: 922997487449316960

54 testman the Grave Robber (level 3, -1/24 HPs)
             Began as a Demonspawn Necromancer on Mar 7, 2022.
             Succumbed to an adder's poison
             ... on level 2 of the Dungeon.
             The game lasted 00:05:46 (2004 turns).

testman the Grave Robber (Demonspawn Necromancer)   Turns: 2004, Time: 00:05:47

Health: -1/24      AC:  2    Str:  8    XL:     3   Next: 66%
Magic:  7/7        EV: 12    Int: 18    God:
Gold:   49         SH:  0    Dex: 17    Spells: 4/8 levels left

rFire   . . .      SeeInvis .   e - +0 dagger
rCold   . . .      Faith    .   (no shield)
rNeg    . . .      Spirit   .   a - +0 robe
rPois   .          Reflect  .   (no helmet)
rElec   .          Harm     .   (no cloak)
rCorr   .          Rampage  .   (no gloves)
Will    .....                   (no boots)
Stlth   ++++......              (no amulet)
HPRegen 0.08/turn               (no ring)
MPRegen 0.10/turn               (no ring)

@: lethally poisoned (-1 -> -10), attractive
A: thin skeletal structure 2
a: no special abilities


You were on level 2 of the Dungeon.
You visited 1 branch of the dungeon, and saw 2 of its levels.

You collected 49 gold pieces.

Inventory:

Hand Weapons
 e - a +0 dagger (weapon)
Missiles
 c - 15 stones
Armour
 a - a +0 robe (worn)
 d - quicksilver dragon scales
Scrolls
 g - a scroll of holy word {unknown}
 h - a scroll of brand weapon {unknown}
 i - a scroll of teleportation {unknown}
Potions
 b - a potion of magic
 f - a potion of attraction


   Skills:
 - Level 1.7 Dodging
 - Level 1.7 Stealth
 + Level 3.0 Spellcasting
 + Level 5.2 Necromancy


You had 4 spell levels left.
You knew the following spells:

 Your Spells              Type           Power      Damage    Failure   Level
a - Pain                  Necr           84%        1d8       1%          1
b - Vampiric Draining     Necr           21%        2d7       5%          3

Your spell library contained the following spells:

 Spells                   Type           Power      Damage    Failure   Level
 Animate Skeleton         Necr           42%        N/A       1%          1
 Animate Dead             Necr           10%        N/A       19%         4
 Agony                    Necr           21%        N/A       45%         5


Dungeon Overview and Level Annotations

Branches:
Dungeon (2/15)

Altars:

Annotations:
D:2 Sigmund


Innate Abilities, Weirdness & Mutations

You have a moderately thin skeletal structure. (Dex +4, Stealth++)


Message History

Aim: a hobgoblin (moderately wounded, chance to affect: 90%)
The hobgoblin writhes in agony.
Aiming: Pain (safe; 1% risk of failure)
Press: ? - help, Q - select action, (/) - cycle Shift-Dir - straight line, f/p - hobgoblin
Aim: a hobgoblin (almost dead, chance to affect: 90%)
The hobgoblin writhes in agony.
You kill the hobgoblin!
i - a scroll labelled HYALOI GUUCWAPN An adder comes into view.
Found a stone staircase leading up.
Sigmund the Dreaded comes into view.
He is wielding a +0 scythe.
The helpless adder fails to defend itself.
You hit the adder.
The adder is severely wounded.
Sigmund shouts!
The adder bites you. The adder misses you.
You closely miss the adder.
The adder is severely wounded.
The adder bites you.
You are poisoned.
The adder poisons you! Sigmund gestures at you while chanting.
The magic dart hits you! The adder attacks as you move away!
The adder bites you but does no damage.
* * * LOW HITPOINT WARNING * * *
You feel sick.
You barely miss the adder.
The adder is severely wounded.
You feel sick. The adder bites you.
* * * LOW HITPOINT WARNING * * *
You are lethally poisoned!
The adder poisons you! The adder bites you but does no damage.
You barely miss the adder.
The adder is severely wounded.
* * * LOW HITPOINT WARNING * * *
You feel sick. The adder bites you.
* * * LOW HITPOINT WARNING * * *
It was a potion of attraction.
You feel attractive to monsters.
You die...

#... ... #..# ..#
#..# #.# #..# #.#
#..# #.# #..# #.#
# #..######.##.#
#............####
##.#####.@S.@.....
#.# #..########
#.# #<.# ##.##
#..# #...# #..#
#.#.# #..# #...#
#... ###.# #.##
#.# #.#


You could see Sigmund and an adder.

Vanquished Creatures
  2 adders (D:2)
  3 dart slugs
  A ball python (D:1)
  A bat (D:1)
  An endoplasm (D:1)
  2 giant cockroaches (D:1)
  5 goblins
  6 hobgoblins
  A quokka (D:1)
  A frilled lizard (D:1)
  5 rats (D:1)
28 creatures vanquished.

Notes
Turn   | Place    | Note
-------+----------+-------------------------------------------
     0 | D:1      | testman the Demonspawn Necromancer began the quest for the
                  | Orb.
     0 | D:1      | Reached XP level 1. HP: 13/13 MP: 3/3
   281 | D:1      | Gained mutation: You have a somewhat thin skeletal
                  | structure. (Dex +2, Stealth+) [demonic ancestry]
   281 | D:1      | Reached XP level 2. HP: 17/19 MP: 3/5
  1334 | D:1      | Found a faded altar of an unknown god.
  1478 | D:1      | Reached skill level 5 in Necromancy
  1478 | D:1      | Gained mutation: You have a moderately thin skeletal
                  | structure. (Dex +4, Stealth++) [demonic ancestry]
  1478 | D:1      | Reached XP level 3. HP: 17/24 MP: 0/7
  1482 | D:1      | Learned a level 3 spell: Vampiric Draining
  1997 | D:2      | Noticed Sigmund
  2003 | D:2      | HP: 1/24 [adder (2)]
  2004 | D:2      | Succumbed to an adder's poison

Illustrated notes

Levels and vault maps discovered:
D:1:      dpeg_arrival_round_c, layout_basic,
          shapermc_ecumenical_altar_mp_vishouse
D:2:      minmay_spotlight, layout_loops_ring, serial_shops,
          nicolae_shop_hallway_stairs, nicolae_underground_beach, uniq_sigmund,
          uniq_crazy_yiuf_cottage, uniq_natasha

Skill      XL: |  1  2  3 |
---------------+----------+-----
Necromancy     | 5 |  5.2
Spellcasting   | 3 |  3.0
Dodging        | |  1.7
Stealth        | |  1.7

Action                   || total
-------------------------++-------
Melee: War axe           ||     3
       Dagger            ||    35
 Cast: Pain              ||    34
  Use: Potion            ||     1
 Stab: Sleeping          ||     4
Armor: Robe              ||     4
Dodge: Dodged            ||    19

Table legend: (Time is in decaauts)
 A = Elapsed time spent in this place.
 B = Non-inter-level travel time spent in this place.
 C = Inter-level travel time spent in this place.
 D = Time resting spent in this place.
 E = Time spent auto-exploring this place.
 F = Levels seen in this place.
 G = Mean time per level.
                   A        B        C        D        E       F      G
               +--------+--------+--------+--------+--------+-----+--------+
         Total |   2004 |   1969 |     35 |    550 |   1199 |   2 | 1002.0 |
       Dungeon |   2004 |   1969 |     35 |    550 |   1199 |   2 | 1002.0 |
               +--------+--------+--------+--------+--------+-----+--------+

Top non-repeatable levels by time:
     D:1: 1798 daAuts
     D:2: 205 daAuts
